 Dungeon Crawl Stone Soup version 0.23.2-40-g277498a (webtiles) character file.

Game seed: 4071787937669552836

61927 Aphrodieselac the Impaler (level 15, -19/126 HPs)
             Began as a Merfolk Skald on Aug 14, 2019.
             Was the Champion of Okawaru.
             Killed from afar by Frances (39 damage)
             ... with an iron shot
             ... on level 12 of the Dungeon.
             The game lasted 02:49:07 (30062 turns).

Aphrodieselac the Impaler (Merfolk Skald)          Turns: 30062, Time: 02:49:08

Health: -19/126    AC: 15    Str: 15    XL:     15   Next: 4%
Magic:  13/20      EV: 22    Int: 14    God:    Okawaru [******]
Gold:   1579       SH: 10    Dex: 15    Spells: 4/18 levels left

rFire    . . .     SeeInvis .   b - +0 trident of the Emperors {venom, rElec rPois MR+}
rCold    . . .     Gourm    .   Q - +0 buckler
rNeg     . . .     Faith    .   K - +3 leather armour {MR+}
rPois    +         Spirit   .   J - +1 hat
rElec    +         Reflect  +   j - +2 cloak
rCorr    .         Harm     .   l - +2 pair of gloves {archery}
MR       +++..                  B - +0 pair of boots
Stlth    +.........             p - +4 amulet of reflection
HPRegen  0.00/turn              V - ring of wizardry
MPRegen  0.17/turn              x - ring of poison resistance

@: no status effects
A: change form in water, swift swim, stealthy swim, inhibited regeneration
a: Heroism, Finesse, Renounce Religion


You were on level 12 of the Dungeon.
You worshipped Okawaru.
Okawaru was exalted by your worship.
You were not hungry.

You visited 4 branches of the dungeon, and saw 22 of its levels.
You also visited: Sewer and Bailey.

You collected 2189 gold pieces.
You spent 610 gold pieces at shops.

Inventory:

Hand Weapons
 a - a +0 blowgun
 b - the +0 trident of the Emperors (weapon) {venom, rElec rPois MR+}
   (You found it on level 6 of the Dungeon)

   It poisons the flesh of those it strikes.
   It insulates you from electricity.
   It protects you from poison.
   It affects your resistance to hostile enchantments.
 y - a +1 bardiche of flaming
 D - a +3 vampiric glaive
Missiles
 q - 119 poisoned needles
 E - 46 tomahawks (quivered)
 F - 4 curare-tipped needles
 N - 2 throwing nets
Armour
 j - a +2 cloak (worn)
 l - a +2 pair of gloves of archery (worn)
 B - a +0 pair of boots (worn)
 J - a +1 hat (worn)
 K - a +3 leather armour of magic resistance (worn)
 L - a +1 crystal plate armour
 Q - a +0 buckler (worn)
Jewellery
 p - a +4 amulet of reflection (around neck)
 x - a ring of poison resistance (right hand)
 S - an uncursed ring of protection from magic
 T - an uncursed amulet of regeneration
 V - a ring of wizardry (left hand)
Wands
 f - a wand of random effects (60)
 C - a wand of acid (5)
 I - a wand of disintegration (25)
 O - a wand of paralysis (12)
 P - a wand of flame (8)
 W - a wand of scattershot (6)
Scrolls
 c - 2 scrolls of torment
 h - 13 scrolls of remove curse
 n - a scroll of enchant weapon
 r - 12 scrolls of teleportation
 s - 5 scrolls of blinking
 t - 2 scrolls of fog
 u - 2 scrolls of magic mapping
 G - a scroll of amnesia
 U - a scroll of fear
Potions
 e - 9 potions of might
 g - 4 potions of brilliance
 i - 8 potions of curing
 k - 4 potions of magic
 m - 2 potions of agility
 o - 2 potions of invisibility
 v - a potion of haste
 w - 2 potions of heal wounds
 z - a potion of berserk rage
 A - 2 potions of flight
 H - 2 potions of ambrosia
 R - 2 potions of cancellation
Comestibles
 d - 19 rations
 M - 4 chunks of flesh


   Skills:
 * Level 14.2 Fighting
 + Level 18.1 Polearms
 - Level 5.0 Armour
 * Level 14.6 Dodging
 - Level 6.4 Shields
 - Level 2.0 Spellcasting
 - Level 5.2 Hexes
 - Level 10.2 Charms
 - Level 6.6 Evocations


You had 4 spell levels left.
You knew the following spells:

 Your Spells              Type           Power        Failure   Level  Hunger
a - Infusion              Chrm           ####         1%          1    ##.....
b - Song of Slaying       Chrm           ####....     1%          2    ###....
c - Shroud of Golubria    Chrm/Tloc      ###.......   2%          2    ###....
d - Spectral Weapon       Hex/Chrm       ###.....     1%          3    ####...
e - Regeneration          Chrm/Necr      ###.......   4%          3    ####...
f - Confuse               Hex            ###.....     4%          3    ####...

Your spell library contained the following spells:

 Spells                   Type           Power        Failure   Level  Hunger
 Confusing Touch          Hex            ###...       1%          1    ##.....
 Corona                   Hex            ###....      1%          1    ##.....
 Slow                     Hex            ###.....     1%          2    ###....
 Ozocubu's Armour         Chrm/Ice       ###.....     4%          3    ####...
 Tukima's Dance           Hex            ###.....     4%          3    ####...
 Ensorcelled Hibernation  Hex/Ice        #.....       6%          2    ###....
 Animate Skeleton         Necr           N/A          12%         1    ##.....
 Apportation              Tloc           #.....       12%         1    ##.....
 Beastly Appendage        Tmut           #.....       12%         1    ##.....
 Flame Tongue             Conj/Fire      #....        12%         1    ##.....
 Freeze                   Ice            #...         12%         1    ##.....
 Summon Small Mammal      Summ           #...         12%         1    ##.....
 Dazzling Spray           Conj/Hex       #.....       12%         3    ####...
 Inner Flame              Hex/Fire       #.......     12%         3    ####...
 Portal Projectile        Hex/Tloc       #.....       12%         3    ####...
 Cause Fear               Hex            ###.......   13%         4    #####..
 Sticks to Snakes         Tmut           #.......     16%         2    ###....
 Throw Flame              Conj/Fire      #.....       16%         2    ###....
 Throw Frost              Conj/Ice       #.....       16%         2    ###....
 Conjure Flame            Conj/Fire      #.......     32%         3    ####...
 Gell's Gravitas          Tloc           #.........   32%         3    ####...
 Spider Form              Tmut/Pois      #.........   32%         3    ####...
 Leda's Liquefaction      Hex/Erth       #.........   34%         4    #####..
 Ice Form                 Ice/Tmut       #.......     69%         4    #####..
 Petrify                  Tmut/Erth      #.......     69%         4    #####..
 Sticky Flame             Conj/Fire      #.......     69%         4    #####..
 Summon Ice Beast         Ice/Summ       #.......     69%         4    #####..
 Throw Icicle             Conj/Ice       #.......     69%         4    #####..
 Metabolic Englaciation   Hex/Ice        #.........   69%         5    ######.
 Yara's Violent Unravell  Hex/Tmut       #.........   69%         5    ######.
 Blade Hands              Tmut           #.........   95%         5    ######.
 Fireball                 Conj/Fire      #.........   95%         5    ######.


Dungeon Overview and Level Annotations

Branches:
Dungeon (13/15)            Temple (1/1) D:6            Lair (6/6) D:10
 Shoals (0/4) Lair:3        Snake (0/4) Lair:2        Slime (0/5) Lair:5
    Orc (2/2) D:10            Elf (0/3) Orc:2
 Vaults: D:13-14

Altars:
Ashenzari
Cheibriados
Dithmenos
Elyvilon
Gozag
Hepliaklqana
Makhleb
Nemelex Xobeh
Okawaru
Qazlal
Sif Muna
Trog
Uskayaw
Vehumet
Wu Jian
Xom
Yredelemnul
Zin
Beogh

Shops:
Orc:2 [(**

Annotations:
D:3 4 runed translucent doors, Crazy Yiuf; ptrx2's ghost, amateur MfSu
D:12 Frances
Lair:6 exclusion: 4 oklob plants


Innate Abilities, Weirdness & Mutations

You revert to your normal form in water You are very nimble and swift while swimming.
You are very stealthy in the water. (Stealth+)
You do not regenerate when monsters are visible.


Message History

a +0 shortbow x2; 38 arrows; a cursed +0 shortbow You closely miss Frances.
Frances is heavily wounded.
Frances misses you.
Frances whispers indecipherable words.
The shard of ice hits you!!!
* * * LOW HITPOINT WARNING * * *
There is a stone staircase leading up here.
Frances closely misses you.
You climb upwards.
The ice devil disappears in a puff of smoke!
The neqoxec disappears in a puff of smoke!
The ice devil disappears in a puff of smoke!
There is a stone staircase leading down here.
Frances whispers indecipherable words.
The iron shot reflects off an invisible shield around you!
The iron shot hits Frances!!
Frances mutters in a terrible tongue.
The iron shot hits you!!!
You die...

#†# ###># ##### #.(.. #...#
######### #.#K# ###...###
#.......# #§#K. #.......##
#^#####.# #.#.K #........#
#.#####.### #.##)
#).......###.##......# #.##W
###...#...##@##.##.#.####K...
#...#..)@.....##....@.K###.
##.##...##.......#)###)# #.
#.....#########..4K.(.# ##
#.###.# #.#.##.K# #.###.#
#.#.##..# #...#.# #.#...†K#
#.#.#.# #.####..# #.#.#.# ...
.....


You could see Frances.

Vanquished Creatures
  Rupert (Lair:2)
  Gastronok (Lair:2)
  An orc warlord (Orc:2)
  Harold (D:6)
  2 hydras
  A death knight (D:13)
  Erica (Orc:1)
  3 two-headed ogres
  2 orc high priests (Orc:2)
  4 death yaks (Lair:5)
  Urug (Lair:1)
  Sonja (Orc:2)
  An unseen horror (D:11)
  Nergalle (Lair:2)
  A lindwurm (Lair:5)
  An ugly thing (D:11)
  2 oklob plants (D:10)
  An orc knight (Bailey)
  4 orc sorcerers
  A cyclops (Orc:2)
  6 elephants
  4 merfolk sirens (Lair:3)
  8 black mambas
  A gargoyle (D:10)
  A torpor snail (Lair:6)
  11 spiny frogs
  3 rime drakes
  7 komodo dragons
  6 trolls
  2 polar bears
  4 dream sheep (Lair:5)
  A hornet (D:11)
  Prince Ribbit (D:9)
  9 hippogriffs
  8 blink frogs
  3 spriggans
  Eustachio (D:5)
  2 wyverns
  3 wraiths (D:13)
  12 yaks
  2 hungry ghosts (D:10)
  3 basilisks
  4 steam dragons
  A warg (Orc:2)
  Menkaure (D:7)
  A soldier ant (D:11)
  An acid dragon (Lair:6)
  16 water moccasins
  5 porcupines
  Duvessa (D:5)
  42 orc warriors
  2 swamp drakes (Lair:6)
  2 sky beasts
  3 phantoms
  An eye of draining (D:11)
  A black bear (Lair:2)
  An ice beast (D:7)
  10 ogres
  12 centaurs
  A necrophage (D:10)
  15 wolves
  16 crocodiles
  7 big kobolds
  24 bullfrogs
  A water moccasin skeleton (D:7)
  Dowan (D:5)
  4 scorpions
  2 wyvern skeletons
  3 killer bees (D:10)
  A troll zombie (D:10)
  4 howler monkeys
  A bullfrog zombie (D:5)
  3 centaur zombies
  4 crimson imps
  7 hounds
  3 jellies
  27 orc wizards
  A gnoll shaman (D:7)
  18 orc priests
  4 centaur skeletons
  2 bullfrog skeletons
  3 iguanas
  8 worker ants
  5 ogre zombies (D:10)
  3 hound skeletons
  A howler monkey zombie (D:6)
  12 gnolls
  A howler monkey skeleton (D:4)
  A worker ant zombie (D:6)
  A river rat (Sewer)
  16 adders
  3 shadow imps
  7 oozes
  2 adder skeletons
  A worm (D:2)
  5 dart slugs
  12 leopard geckos
  120 orcs
  10 ball pythons
  9 giant cockroaches
  14 goblins
  10 hobgoblins
  11 jackals
  4 quokkas
  8 bats
  4 frilled lizards
  A goblin skeleton (D:10)
  3 goblin zombies (D:10)
  A hobgoblin skeleton (D:10)
  2 hobgoblin zombies (D:10)
  A jackal zombie (D:5)
  37 kobolds
  2 orc skeletons (D:10)
  10 orc zombies (D:10)
  A quokka skeleton (D:4)
  2 quokka zombies
  31 rats
  A fungus (Lair:4)
  A plant (D:10)
746 creatures vanquished.

Vanquished Creatures (others)
  Fannar (Lair:2)
  3 orc warriors (Bailey)
  3 orcs (Bailey)
  A kobold (D:11)
  7 fungi
  13 plants
  8 spectral weapons
36 creatures vanquished.

Grand Total: 782 creatures vanquished

Notes
Turn   | Place    | Note
-------+----------+-------------------------------------------
     0 | D:1      | Aphrodieselac the Merfolk Skald began the quest for the
                  | Orb.
     0 | D:1      | Reached XP level 1. HP: 16/16 MP: 3/3
   304 | D:1      | Reached XP level 2. HP: 20/22 MP: 5/5
   633 | D:1      | Reached XP level 3. HP: 27/27 MP: 6/6
  1090 | D:1      | Learned a level 2 spell: Song of Slaying
  1093 | D:1      | Learned a level 2 spell: Shroud of Golubria
  1499 | D:2      | Reached skill level 4 in Polearms
  1623 | D:2      | Reached XP level 4. HP: 8/33 MP: 1/7
  1920 | D:2      | Found a snail-covered altar of Cheibriados.
  1997 | D:2      | Noticed a centaur
  2067 | D:3      | Reached skill level 5 in Charms
  2211 | D:3      | Found a runed translucent door.
  2212 | D:3      | Noticed Crazy Yiuf
  2404 | D:3      | Reached XP level 5. HP: 24/38 MP: 1/8
  2443 | D:3      | Found a runed translucent gate.
  2444 | D:3      | Found a runed translucent gate.
  2445 | D:3      | Found a runed translucent gate.
  2446 | D:3      | Noticed ptrx2's ghost (amateur MfSu)
  2460 | D:3      | Reached skill level 5 in Polearms
  2473 | D:3      | Found a glowing drain.
  2498 | Sewer    | Entered a sewer
  2772 | Sewer    | Reached XP level 6. HP: 44/44 MP: 9/9
  3230 | Sewer    | Reached skill level 6 in Polearms
  3703 | D:3      | Learned a level 3 spell: Spectral Weapon
  3758 | D:3      | Reached XP level 7. HP: 32/50 MP: 6/10
  3902 | D:4      | Reached skill level 7 in Polearms
  4362 | D:4      | Found a bloodstained altar of Trog.
  4405 | D:4      | Reached skill level 8 in Polearms
  4730 | D:2      | Found a snail-covered altar of Cheibriados.
  4758 | D:2      | Found a shadowy altar of Dithmenos.
  4849 | D:2      | Reached XP level 8. HP: 36/56 MP: 11/11
  5010 | D:5      | Entered Level 5 of the Dungeon
  5035 | D:5      | Reached skill level 9 in Polearms
  5081 | D:5      | Noticed Dowan
  5134 | D:5      | Noticed Eustachio
  5341 | D:5      | Killed Eustachio
  5407 | D:5      | Noticed Duvessa
  5425 | D:5      | Killed Duvessa
  5425 | D:5      | Reached skill level 10 in Polearms
  5446 | D:5      | Killed Dowan
  5675 | D:5      | Found a radiant altar of Vehumet.
  5702 | D:6      | Reached skill level 11 in Polearms
  5983 | D:6      | Found a staircase to the Ecumenical Temple.
  5988 | Temple   | Entered the Ecumenical Temple
  6114 | Temple   | Became a worshipper of Warmaster Okawaru
  6186 | D:6      | Got an encrusted trident
  6187 | D:6      | Identified the cursed +0 trident of the Emperors {venom,
                  | rElec rPois MR+} (You found it on level 6 of the Dungeon)
  6424 | D:6      | Reached XP level 9. HP: 57/61 MP: 12/12
  6468 | D:6      | Reached skill level 12 in Polearms
  6609 | D:6      | Found a burning altar of Makhleb.
  6610 | D:6      | Found a shimmering altar of Xom.
  6860 | D:6      | Reached * piety under Okawaru
  7168 | D:6      | Found a hazy altar of Hepliaklqana.
  7198 | D:6      | Reached skill level 13 in Polearms
  7435 | D:7      | Noticed Menkaure
  7513 | D:7      | Noticed Harold
  7947 | D:7      | Killed Menkaure
  8008 | D:6      | Killed Harold
  8008 | D:6      | Reached ** piety under Okawaru
  8008 | D:6      | Reached skill level 14 in Polearms
  8008 | D:6      | Reached skill level 10 in Charms
  8008 | D:6      | Reached XP level 10. HP: 38/72 MP: 10/13
  8155 | D:7      | Reached *** piety under Okawaru
  8457 | D:7      | Reached skill level 15 in Polearms
  8682 | D:7      | Reached skill level 5 in Fighting
  8788 | D:7      | Found a glowing silver altar of Zin.
  9073 | D:8      | Found a shimmering altar of Xom.
  9367 | D:9      | Noticed Prince Ribbit
  9375 | D:9      | Killed Prince Ribbit
  9523 | D:9      | Found a white marble altar of Elyvilon.
  9541 | D:9      | Reached **** piety under Okawaru
  9629 | D:10     | Entered Level 10 of the Dungeon
  9661 | D:10     | Reached skill level 16 in Polearms
 10102 | D:10     | Noticed an oklob plant
 10120 | D:10     | Found a staircase to the Lair.
 10120 | D:10     | Noticed an oklob plant
 10409 | D:10     | Found a staircase to the Orcish Mines.
 10422 | D:10     | Reached XP level 11. HP: 68/83 MP: 1/14
 10606 | D:10     | Reached ***** piety under Okawaru
 10606 | D:10     | Reached skill level 17 in Polearms
 11330 | D:10     | Killed an oklob plant
 11753 | D:10     | Killed an oklob plant
 11874 | Lair:1   | Entered Level 1 of the Lair of Beasts
 12482 | Lair:1   | Received a gift from Okawaru
 12510 | Lair:1   | Reached skill level 18 in Polearms
 13150 | Lair:1   | Noticed a six-headed hydra
 13207 | Lair:1   | Killed a one-headed hydra
 13207 | Lair:1   | Reached skill level 5 in Dodging
 13647 | Lair:2   | Learned a level 3 spell: Regeneration
 14019 | Lair:2   | Noticed Urug
 14264 | Lair:2   | Noticed Nergalle
 14639 | Lair:1   | Killed Urug
 14639 | Lair:1   | Reached ****** piety under Okawaru
 14639 | Lair:1   | Received a gift from Okawaru
 14639 | Lair:1   | Reached XP level 12. HP: 60/97 MP: 8/15
 14642 | Lair:1   | Got a citrine-encrusted chain mail {god gift}
 14654 | Lair:1   | Identified the +5 chain mail "Alenlol" {rElec Str-5 Int+2}
                  | (Okawaru gifted it to you on level 1 of the Lair of Beasts)
 14802 | Lair:2   | Killed Nergalle
 14848 | Lair:2   | HP: 2/97 [black mamba (17)]
 15212 | Lair:2   | Reached skill level 10 in Fighting
 15669 | Lair:2   | HP: 2/98 [black mamba (9)]
 16147 | Lair:2   | Reached skill level 10 in Dodging
 16463 | Lair:2   | Reached skill level 1 in Hexes
 16648 | Lair:2   | Found a staircase to the Snake Pit.
 16763 | Lair:2   | Received a gift from Okawaru
 16766 | Lair:2   | Got a fine hat {god gift}
 16773 | Lair:2   | Identified the +0 hat "Daitaeg" {*Corrode rPois Regen+
                  | MP+9} (Okawaru gifted it to you on level 2 of the Lair of
                  | Beasts)
 17151 | Lair:3   | Learned a level 3 spell: Confuse
 17219 | Lair:3   | Noticed Gastronok
 17343 | Lair:2   | Killed Gastronok
 17343 | Lair:2   | Reached XP level 13. HP: 54/107 MP: 6/16
 17410 | Lair:3   | Noticed Fannar
 17452 | Lair:2   | Killed Fannar
 17594 | Lair:3   | Found a staircase to the Shoals.
 17821 | Lair:3   | Noticed Rupert
 17941 | Lair:2   | Killed Rupert
 17941 | Lair:2   | Reached skill level 5 in Hexes
 19135 | Lair:5   | Found a staircase to the Slime Pits.
 20467 | Lair:6   | Entered Level 6 of the Lair of Beasts
 20503 | Lair:5   | HP: 3/109 [black mamba (4)]
 20968 | Lair:5   | Received a gift from Okawaru
 22307 | Lair:5   | Reached XP level 14. HP: 93/119 MP: 9/17
 22389 | Lair:6   | Received a gift from Okawaru
 22487 | Lair:6   | Reached skill level 1 in Evocations
 23785 | Orc:1    | Entered Level 1 of the Orcish Mines
 23881 | Orc:1    | Found a flagged portal.
 23892 | Bailey   | Entered a bailey
 24552 | Bailey   | Found a roughly hewn altar of Beogh.
 24921 | Orc:1    | Noticed Erica
 24937 | Orc:1    | Killed Erica
 24937 | Orc:1    | Reached skill level 1 in Armour
 24937 | Orc:1    | Reached skill level 1 in Shields
 25141 | Orc:2    | Entered Level 2 of the Orcish Mines
 25141 | Orc:2    | Noticed Sonja
 25163 | Orc:2    | Killed Sonja
 25498 | Orc:2    | Received a gift from Okawaru
 25502 | Orc:2    | Reached skill level 5 in Evocations
 25508 | Orc:2    | Got an obsidian-encrusted chain mail {god gift}
 25519 | Orc:2    | Identified the +1 chain mail of a Thousand Nights {rC+ MR-
                  | Int+3 Slay+2} (Okawaru gifted it to you on level 2 of the
                  | Orcish Mines)
 25617 | Orc:2    | Found a roughly hewn altar of Beogh.
 25754 | Orc:2    | Found a roughly hewn altar of Beogh.
 25895 | Orc:2    | Found a roughly hewn altar of Beogh.
 25941 | Orc:2    | Found a staircase to the Elven Halls.
 26050 | Orc:2    | Found a roughly hewn altar of Beogh.
 26077 | Orc:2    | Found Evol Nyll's Assorted Antiques.
 26343 | Orc:2    | Found a roughly hewn altar of Beogh.
 26385 | Orc:2    | Noticed an orc warlord
 26439 | Orc:2    | Reached skill level 5 in Shields
 26442 | Orc:2    | HP: 5/119 [troll[an orc warlord] (9)]
 27287 | Orc:2    | Killed an orc warlord
 27529 | Orc:2    | Found a roughly hewn altar of Beogh.
 27529 | Orc:2    | Found Honeiw's Antique Armour Emporium.
 27534 | Orc:2    | Found Ushrott's Antique Weapon Shoppe.
 27852 | Orc:2    | Found a roughly hewn altar of Beogh.
 27891 | Orc:2    | Found Qekyum's Assorted Antiques.
 28277 | Orc:2    | Bought a pair of glowing gloves for 225 gold pieces
 28298 | Orc:2    | Bought a pair of glowing gloves for 225 gold pieces
 28388 | Orc:2    | Bought a brightly glowing tin amulet for 160 gold pieces
 28390 | Orc:2    | Identified the amulet "Kism" {Inacc *Contam +Inv rF+ SInv}
                  | (You bought it in a shop on level 2 of the Orcish Mines)
 28466 | D:10     | Gained mutation: You do not regenerate when monsters are
                  | visible. [mutagenic glow]
 29070 | D:11     | Reached skill level 5 in Armour
 29397 | D:11     | You fall through a shaft for 2 floors!
 29483 | D:12     | Received a gift from Okawaru
 29547 | D:12     | Noticed Frances
 29658 | D:13     | Reached XP level 15. HP: 126/126 MP: 17/20
 30062 | D:12     | Killed from afar by Frances

Skill      XL: |  1  2  3  4  5  6  7  8  9 10 11 12 13 14 |
---------------+-------------------------------------------+-----
Charms         | 4 5 6 7 9 10 | 10.2
Polearms       | 4 5 6 8 11 14 16 18 | 18.1
Fighting       | 4 6 9 11 13 14 | 14.2
Dodging        | 7 11 13 14 | 14.6
Hexes          | 3 5 |  5.2
Evocations     | 6 |  6.6
Armour         | 5 |  5.0
Shields        | 6 |  6.4
Spellcasting   | |  2.0

Action                   |  1- 3 |  4- 6 |  7- 9 | 10-12 | 13-15 || total
-------------------------+-------+-------+-------+-------+-------++-------
Melee: Spear             |   153 |   277 |    31 |       |       ||   461
       Tailslap          |       |     2 |       |       |     5 ||     7
       Trident           |       |       |   530 |  1038 |  1637 ||  3205
       Falchion          |       |       |       |    10 |       ||    10
       Bardiche          |       |       |       |       |     8 ||     8
       Halberd           |       |       |       |       |    11 ||    11
 Fire: Blowgun           |       |       |       |    25 |    10 ||    35
Throw: Tomahawk          |       |       |     2 |    11 |    13 ||    26
 Cast: Infusion          |     6 |    11 |    19 |    31 |    36 ||   103
       Shroud of Golubri |       |     3 |     9 |    35 |    66 ||   113
       Song of Slaying   |       |     3 |     3 |    20 |    24 ||    50
       Spectral Weapon   |       |       |     1 |     2 |    10 ||    13
       Regeneration      |       |       |       |     2 |       ||     2
Evoke: Wand              |       |       |     6 |       |       ||     6
  Use: Scroll            |       |    11 |     3 |    15 |     9 ||    38
       Potion            |       |       |       |     4 |     3 ||     7
 Stab: Sleeping          |       |     4 |       |     2 |     3 ||     9
       Distracted        |       |       |       |       |     3 ||     3
  Eat: Chunk             |     2 |     8 |    15 |    27 |    40 ||    92
       Ration            |       |       |       |     4 |     3 ||     7
Armor: Leather armour    |    31 |    93 |   109 |   219 |   156 ||   608
Dodge: Dodged            |    67 |   187 |   232 |   472 |   768 ||  1726
Block: Other             |       |       |    55 |   101 |    46 ||   202
       Reflection        |       |       |     3 |     5 |    27 ||    35
       Buckler           |       |       |       |       |   273 ||   273
       Rpst.: Falchion   |       |       |       |     1 |       ||     1
